 Dungeon Crawl Stone Soup version 0.25-a0-804-g50c693f (webtiles) character file.

Game seed: 7536431680225257267, levelgen mode: deterministic

462 BlueFish the Magician (level 6, -5/44 HPs)
             Began as a Mummy Wizard on Apr 20, 2020.
             Slain by Duvessa
             ... wielding a +0 short sword
              (10 damage)
             ... on level 4 of the Dungeon.
             The game lasted 00:09:28 (3871 turns).

BlueFish the Magician (Mummy Wizard)                Turns: 3871, Time: 00:09:29

Health: -5/44      AC:  2    Str: 10    XL:     6   Next: 79%
Magic:  0/15       EV: 12    Int: 20    God:
Gold:   175        SH:  0    Dex: 10    Spells: 8/18 levels left

rFire    x . .     SeeInvis .   g - +2 spear (vorpal)
rCold    + . .     Gourm    .   (no shield)
rNeg     + + +     Faith    .   a - +0 robe
rPois    ∞         Spirit   .   b - +0 hat
rElec    .         Reflect  .   (no cloak)
rCorr    .         Harm     .   (no gloves)
MR       .....                  (no boots)
Stlth    ++........             (no amulet)
HPRegen  0.14/turn              (no ring)
MPRegen  0.14/turn              (no ring)

@: very slightly contaminated
A: no food or potions, fire vulnerability, cold resistance 1, negative energy
resistance 3, torment resistance, unbreathing
a: no special abilities


You were on level 4 of the Dungeon.
You were not hungry.

You visited 1 branch of the dungeon, and saw 4 of its levels.

You collected 175 gold pieces.

Inventory:

Hand Weapons
 g - a +2 vorpal spear (weapon)
Armour
 a - a +0 robe (worn)
 b - a +0 hat (worn)
Wands
 h - a wand of polymorph (2)
Scrolls
 c - 3 scrolls of teleportation
 d - a scroll of immolation
 e - a scroll of enchant weapon
 f - a scroll of magic mapping
 i - a scroll of remove curse
 j - a scroll of fog {unknown}


   Skills:
 * Level 2.2 Fighting
 + Level 1.0 Polearms
 * Level 2.5 Dodging
 * Level 2.4 Stealth
 * Level 6.9 Spellcasting
 + Level 1.3 Conjurations
 + Level 1.5 Summonings
 + Level 0.7 Translocations
 * Level 1.0 Evocations


You had 8 spell levels left.
You knew the following spells:

 Your Spells              Type           Power        Failure   Level  Hunger
a - Magic Dart            Conj           ##..         5%          1    N/A
b - Blink                 Tloc           N/A          11%         2    N/A
c - Call Imp              Summ           ##......     8%          2    N/A
d - Slow                  Hex            #.......     14%         2    N/A
e - Mephitic Cloud        Conj/Pois/Air  #.......     24%         3    N/A

Your spell library contained the following spells:

 Spells                   Type           Power        Failure   Level  Hunger
 Conjure Flame            Conj/Fire      #.......     22%         3    N/A

Dungeon Overview and Level Annotations

Branches:
Dungeon (4/15)
 Temple: D:4-7

Altars:
Cheibriados
Gozag
Ru
Sif Muna

Annotations:
D:4 Dowan, Duvessa


Innate Abilities, Weirdness & Mutations

You do not eat or drink.
Your flesh is vulnerable to fire.
You are immune to poison.
Your flesh is cold resistant. (rC+)
You are immune to negative energy. (rN+++)
You are immune to unholy pain and torment.
You can survive without breathing.


Message History

Dowan hits you with a +0 dagger.
Duvessa hits your white imp with a +0 short sword!
Your white imp gestures at Duvessa.
The puff of frost hits Duvessa.
You hit Dowan.
Dowan is moderately wounded.
Duvessa hits your white imp with a +0 short sword.
Your white imp dies!
Dowan hits you but does no damage.
You barely miss Dowan.
Dowan is moderately wounded.
Dowan points at you and mumbles some strange words.
The puff of flame hits you! The fire burns you terribly!
* * * LOW HITPOINT WARNING * * *
Casting: Call Imp (safe; 8% risk of failure)
Confirm with . or Enter, or press ? or * to list all spells.
You blink.
Duvessa hits you with a +0 short sword.
* * * LOW HITPOINT WARNING * * *
Dowan completely misses you. Duvessa hits you with a +0 short sword!
You die...

###########
###..........#
#.....######.# #....
#.# #.....######.#
#.......##.#
#..####@##.#
.........ee§.#########
# #..####.##...).....#
#.###.######.#
#......# #.#####
#####..#####.#....
..............
#.#.####...### #.#.#
#......


You could see Duvessa and Dowan.

Vanquished Creatures
  A hound (D:4)
  5 orc wizards (D:3)
  An iguana (D:4)
  A worker ant (D:4)
  4 adders
  A dart slug (D:1)
  2 leopard geckos
  10 orcs (D:3)
  5 bats
  4 giant cockroaches
  7 goblins
  5 hobgoblins
  8 jackals
  A ball python (D:1)
  4 frilled lizards
  2 kobolds
  7 rats
68 creatures vanquished.

Vanquished Creatures (collateral kills)
  Sigmund (D:2)
  Jessica (D:2)
  Terence (D:2)
  An adder (D:4)
  A worm (D:3)
  2 hobgoblins (D:1)
  3 jackals
10 creatures vanquished.

Grand Total: 78 creatures vanquished

Notes
Turn   | Place    | Note
-------+----------+-------------------------------------------
     0 | D:1      | BlueFish the Mummy Wizard began the quest for the Orb.
     0 | D:1      | Reached XP level 1. HP: 13/13 MP: 5/5
   320 | D:1      | Reached skill level 1 in Fighting
   320 | D:1      | Reached XP level 2. HP: 21/21 MP: 1/7
   326 | D:1      | Learned a level 2 spell: Blink
   329 | D:1      | Learned a level 2 spell: Call Imp
   332 | D:1      | Learned a level 2 spell: Slow
   835 | D:2      | Reached XP level 3. HP: 23/26 MP: 5/9
   840 | D:2      | Learned a level 3 spell: Mephitic Cloud
   882 | D:2      | Noticed Sigmund
   905 | D:2      | Killed Sigmund
   905 | D:2      | Reached skill level 5 in Spellcasting
   905 | D:2      | Reached skill level 1 in Conjurations
   905 | D:2      | Reached skill level 1 in Summonings
   905 | D:2      | Reached XP level 4. HP: 22/32 MP: 4/11
   965 | D:2      | Noticed Jessica
   980 | D:2      | Killed Jessica
   980 | D:2      | Reached skill level 6 in Spellcasting
   980 | D:2      | Reached XP level 5. HP: 35/37 MP: 7/13
  1070 | D:2      | Found a shimmering blue altar of Sif Muna.
  1201 | D:2      | Noticed Terence
  1404 | D:2      | Killed Terence
  1853 | D:3      | Found an opulent altar of Gozag.
  2455 | D:3      | Reached XP level 6. HP: 41/44 MP: 9/15
  2687 | D:3      | Found a sacrificial altar of Ru.
  3177 | D:3      | Found a snail-covered altar of Cheibriados.
  3643 | D:4      | Reached skill level 1 in Evocations
  3818 | D:4      | Noticed Dowan
  3832 | D:4      | Reached skill level 1 in Polearms
  3835 | D:4      | Noticed Duvessa
  3871 | D:4      | Slain by Duvessa

Levels and vault maps discovered:
D:1:      dpeg_arrival_erosion, layout_basic, minmay_crystal_water,
          minmay_split_cup_large
D:2:      layout_basic, lemuel_blue_sif_altar, chequers_serial_rivers_micro_a,
          uniq_jessica, uniq_sigmund, uniq_terence
D:3:      layout_loops_ring, hangedman_ru_absence, grunt_gozag_breadcrumbs,
          cheibriados_altar_1, uniq_crazy_yiuf_cottage
D:4:      layout_basic, first_ration, uniq_duvessa, uniq_menkaure

Skill      XL: |  1  2  3  4  5  6 |
---------------+-------------------+-----
Fighting       | 1 2 |  2.2
Dodging        | 2 |  2.5
Stealth        | 2 |  2.4
Spellcasting   | 5 6 |  6.9
Conjurations   | 1 |  1.3
Summonings     | 1 |  1.5
Evocations     | 1 |  1.0
Polearms       | 1 |  1.0
Translocations | |  0.7

Action                   |  1- 3 |  4- 6 || total
-------------------------+-------+-------++-------
Melee: Spear             |     9 |   141 ||   150
 Cast: Magic Dart        |    30 |   106 ||   136
       Call Imp          |     5 |    17 ||    22
       Blink             |       |     1 ||     1
  Use: Scroll            |     2 |     5 ||     7
 Stab: Distracted        |       |     3 ||     3
       Sleeping          |       |     3 ||     3
Armor: Robe              |     1 |    14 ||    15
Dodge: Dodged            |     6 |    38 ||    44

Table legend:
 A = Non-vault XP
 B = Vault XP
 C = Vault XP percentage of total XP
 D = Non-vault monster count
 E = Vault monster count
 F = Vault count percentage of total count
                 A         B        C        D         E       F
            +---------+---------+-------+---------+---------+-------
      Total |     472 |     188 |  28.5 |      71 |       7 |   9.0
            +---------+---------+-------+---------+---------+-------
        D:1 |      18 |       6 |  25.0 |      10 |       4 |  28.6
        D:2 |      47 |     182 |  79.5 |      17 |       3 |  15.0
        D:3 |     292 |       0 |   0.0 |      34 |       0 |   0.0
        D:4 |     115 |       0 |   0.0 |      10 |       0 |   0.0
            +---------+---------+-------+---------+---------+-------
